 Dungeon Crawl Stone Soup version 0.30-a0-451-ge042605de7 (webtiles) character file.

Game seed: 8841378796859488525

47 Gildeon the Covered (level 3, -3/24 HPs)
             Began as a Gargoyle Fighter on Dec 11, 2022.
             Killed from afar by Sigmund (9 damage)
             ... with a magic dart
             ... on level 2 of the Dungeon.
             The game lasted 00:03:41 (1047 turns).

Gildeon the Covered (Gargoyle Fighter)              Turns: 1047, Time: 00:03:42

Health: -3/24      AC: 12    Str: 21    XL:     3   Next: 70%
Magic:  3/3        EV:  7    Int:  8    God:
Gold:   91         SH:  4    Dex:  9    Spells: 2/2 levels left

rFire   . . .      SeeInvis .    a - +0 flail
rCold   . . .      Faith    .    c - +0 buckler
rNeg    + . .      Spirit   .    f - +0 chain mail
rPois   ∞          Reflect  .    (no helmet)
rElec   +          Harm     .    (no cloak)
rCorr   .          Rampage  .    (no gloves)
Will    .....                    (no boots)
Stlth   ..........               (no amulet)
HPRegen 0.24/turn                (no ring)
MPRegen 0.08/turn                (no ring)

@: no status effects
A: sickness immunity, AC +3, negative energy resistance 1, electricity
resistance, torment resistance 1, petrification resistance
a: no special abilities


You were on level 2 of the Dungeon.
You visited 1 branch of the dungeon, and saw 2 of its levels.

You collected 91 gold pieces.

Inventory:

Hand Weapons
 a - a +0 flail (weapon)
Armour
 c - a +0 buckler (worn)
 f - a +0 chain mail (worn)
Scrolls
 b - a scroll of amnesia
Potions
 d - a potion of might
 e - a potion of curing {unknown}
 g - 2 potions of mutation {unknown}


   Skills:
 + Level 3.9 Fighting
 + Level 2.8 Maces & Flails
 + Level 3.9 Armour
 - Level 3.2 Shields


You had 2 spell levels left.
You didn't know any spells.
Your spell library contained the following spells:

 Spells                   Type           Power      Damage    Failure   Level
 Call Canine Familiar     Summ           0%         N/A       100%        3
 Portal Projectile        Hex/Tloc       0%         N/A       100%        3
 Leda's Liquefaction      Hex/Erth       0%         N/A       100%        4


Dungeon Overview and Level Annotations

Branches:
Dungeon (2/15)

Altars:
Sif Muna

Shops:
D:2 :

Annotations:
D:2 Sigmund


Innate Abilities, Weirdness & Mutations

You are immune to sickness and miasma.
Your stone body is resilient. (AC +3)
You are immune to poison.
You resist negative energy. (rN+)
You are resistant to electric shocks. (rElec)
You are resistant to unholy torment.
You are immune to petrification.


Message History

Sigmund hits you but does no damage.
You hit Sigmund.
Sigmund is moderately wounded.
Sigmund hits you but does no damage.
You sock Sigmund!
Sigmund is severely wounded.
Sigmund hits you but does no damage.
You barely miss Sigmund.
Sigmund is severely wounded.
Sigmund barely misses you.
You completely miss Sigmund.
Sigmund is severely wounded.
Sigmund hits you but does no damage.
You closely miss Sigmund.
Sigmund is severely wounded.
You sock Sigmund!
Sigmund is almost dead.
Sigmund points at you and mumbles some strange words.
The puff of flame hits you!
Sigmund casts a spell.
Sigmund flickers and vanishes!
Deactivating autopickup; reactivate with Ctrl-A.
You miss something.
You hear some strange, mumbled words.
A puff of flame appears from out of thin air!
The puff of flame hits you.
You hit something. Something hits you but does no damage.
You completely miss something. Something completely misses you.
You miss something. Something hits you but does no damage.
The worm bites you but does no damage.
You hit something but do no damage. Something hits you.
* * * LOW HITPOINT WARNING * * *
You closely miss something. The worm bites you but does no damage.
Something hits you but does no damage.
You closely miss something. The worm bites you but does no damage.
You miss something.
You hear some strange, mumbled words.
A magic dart appears from out of thin air!
The magic dart hits you!
You die...

##.###....
#(## ####
#..# ##.#
#.# #.##
#..# ##.#
#@#
#{w.....#
.#.......
.. ......#
...
#.....#
....
######
.....
......


You could see a worm.

Vanquished Creatures
  An adder (D:2)
  5 endoplasms
  3 giant cockroaches
  2 goblins (D:1)
  2 hobgoblins
  4 jackals (D:1)
  3 kobolds (D:1)
  4 quokkas
  3 ball pythons
  A bat (D:2)
  2 frilled lizards
  4 rats
34 creatures vanquished.

Notes
Turn   | Place    | Note
-------+----------+-------------------------------------------
     0 | D:1      | Gildeon the Gargoyle Fighter began the quest for the Orb.
     0 | D:1      | Reached XP level 1. HP: 14/14 MP: 1/1
    85 | D:1      | Reached XP level 2. HP: 16/19 MP: 2/2
   159 | D:1      | Found a faded altar of an unknown god.
   452 | D:1      | Reached XP level 3. HP: 24/24 MP: 3/3
   780 | D:2      | Found a shimmering blue altar of Sif Muna.
   805 | D:2      | Found Emob Her's Book Boutique.
  1019 | D:2      | Noticed Sigmund
  1047 | D:2      | Killed from afar by Sigmund

Illustrated notes

Levels and vault maps discovered:
D:1:      scummos_arrival_forest, layout_basic, shapermc_ecumenical_altar_petra,
          corexii_hall_statues_i, feat_on_display
D:2:      layout_rooms, basic_altar, serial_shops, shop, uniq_sigmund

Action                   || total
-------------------------++-------
Melee: Flail             ||   147
  Use: Scroll            ||     4
Armor: Scale mail        ||    14
       Chain mail        ||   112
Dodge: Dodged            ||    76
Block: Buckler           ||    43

Table legend: (Time is in decaauts)
 A = Elapsed time spent in this place.
 B = Non-inter-level travel time spent in this place.
 C = Inter-level travel time spent in this place.
 D = Time resting spent in this place.
 E = Time spent auto-exploring this place.
 F = Levels seen in this place.
 G = Mean time per level.
                   A        B        C        D        E       F      G
               +--------+--------+--------+--------+--------+-----+--------+
         Total |   1093 |   1047 |     46 |      0 |    664 |   2 |  546.5 |
       Dungeon |   1093 |   1047 |     46 |      0 |    664 |   2 |  546.5 |
               +--------+--------+--------+--------+--------+-----+--------+

Top non-repeatable levels by time:
     D:1: 803 daAuts
     D:2: 290 daAuts
